[Event "*** Titled Tuesday Blitz"]
[Site "Chess.com"]
[Date "2019.02.05"]
[Round "1"]
[White "Hieronymus00"]
[Black "1e41-0"]
[Result "0-1"]
[WhiteElo "2165"]
[BlackElo "2545"]
[TimeControl "180+2"]
[EndTime "13:08:16 PST"]
[Termination "1e41-0 won by resignation"]

1. e4 e6 2. d4 d5 3. Nc3 Bb4 4. a3 Bxc3+ 5. bxc3 dxe4 6. Qg4 Nf6 7. Qxg7 Rg8 8. Qh6 c5 9. Ne2 Nc6 10. Bb2 Rg6 11.
Qe3 Qb6 12. O-O-O cxd4 13. cxd4 Bd7 14. h3 Rc8 15. Nf4 Rg8 16. d5 Qxe3+ 17. fxe3 Nxd5 18. Nxd5 exd5 19. Rxd5 Rg3 20. Kd2 Be6 21. Rh5 Rd8+ 22. Ke2 Na5 23. Bd4 Nc6 24. Bb2 Ne7 25. Kf2 Rg8 26. Bb5+ Kf8 27. Rxh7 Rd2+ 28. Be2 Bc4 29. Re1 Nc6 30. g4 Ke7 31. Rh5 Rgd8 32. Kf1 Rxe2 33. Rxe2 Rd2 34. Bd4 Rxe2 35. Bc5+ Kd7 36.
Rf5 Rxc2+ 37. Kg1 Be6 38. Rf1 Rxc5 0-1

[Event "*** Titled Tuesday Blitz"]
[Site "Chess.com"]
[Date "2019.02.05"]
[Round "1"]
[White "Supernotar"]
[Black "SergioGarciaFuentes"]
[Result "1/2-1/2"]
[WhiteElo "2470"]
[BlackElo "1974"]
[TimeControl "180+2"]
[EndTime "13:08:16 PST"]
[Termination "Game drawn - insufficient material"]

1. d4 d5 2. c4 c6 3. e3 Nf6 4. Bd3 e5 5. Nc3 e4 6. Bc2 a6 7. f3 exf3 8. Nxf3 dxc4 9. O-O Be7 10. e4 Bg4 11. Be3 b5 12. a3 Bh5 13. h3 Nbd7 14. g4 Bg6 15. Qe2 O-O 16. Rad1 Qc7 17. Qf2 Rfe8 18. Nh4 Nxe4 19. Bxe4 Bxh4 20. Qxh4 Bxe4 21. Bf4 Qa7 22. Bd6 Bd3 23. Rf4 Rad8 24. Qf2 Bg6 25. h4 h5 26. Rf1 hxg4 27. Rxg4 Nf6 28. Rxg6 fxg6 29. Be5 Rxe5 30. dxe5 Qxf2+ 31. Rxf2 Nd5 32. Ne4 Re8 33. Nc5 Rxe5 34. Nxa6 Re4 35. Nb8 Ne7 36. Rh2 c5 37. Nd7 b4 38. Nxc5 Rg4+ 39. Kf2 c3 40. bxc3 bxa3 41. Ke3 Rc4 42. Ne4 Nf5+ 43. Kd3 Ra4 44.
Ra2 Nxh4 45. c4 Nf5 46. Nc3 Ra5 47. Nb5 Kf7 48. Rxa3 Rxa3+ 49. Nxa3 Nd6 50. c5 Nc8 51. Ke4 Ke6 52. Nb5 Ne7 53. Nd4+ Kd7 54. Kf4 Nc6 55.
Nxc6 Kxc6 56. Kg5 Kxc5 57. Kxg6 Kd5 58. Kxg7 1/2-1/2

[Event "*** Titled Tuesday Blitz"]
[Site "Chess.com"]
[Date "2019.02.05"]
[Round "1"]
[White "Shukh_Nikolay"]
[Black "severomorskij"]
[Result "1-0"]
[WhiteElo "2376"]
[BlackElo "2711"]
[TimeControl "180+2"]
[EndTime "13:08:19 PST"]
[Termination "Shukh_Nikolay won by resignation"]

1. e4 c5 2. Nf3 e6 3. d4 cxd4 4. Nxd4 Nf6 5. Nc3 Nc6 6. Be3 Bb4 7. Nxc6 bxc6 8. Bd3 d5 9. exd5 cxd5 10. O-O O-O 11.
a3 Bxc3 12. bxc3 e5 13. Qe2 Re8 14. Rab1 h6 15. h3 Qc7 16. Bd2 e4 17. Bb5 Bd7 18. Bxd7 Nxd7 19. Rb5 Nb6 20. Rfb1 Rad8 21. Qg4 Qc6 22.
Be3 Nc4 23. Bd4 Qg6 24. Qxg6 fxg6 25. Rb7 Ne5 26. Rxa7 Rd7 27. Rxd7 Nxd7 28. Rb5 Nf6 29. a4 Ra8 30. a5 Kf7 31. Rb7+ Kf8 32. Ra7 Rxa7 33.
Bxa7 Ke8 34. a6 Kd7 35. Bd4 Kc6 36. f3 exf3 37. gxf3 Nh5 38. Kf2 Nf4 39. h4 Ne6 40. Be3 g5 41. h5 Nc7 42. a7 Kb7 43. Kg3 Nb5 44. Bd4 Nxd4 45. cxd4 Kxa7 46. Kg4 Kb6 47. Kf5 Kb5 48. Kg6 Kc4 49. Kxg7 Kxd4 50. Kxh6 1-0

[Event "*** Titled Tuesday Blitz"]
[Site "Chess.com"]
[Date "2019.02.05"]
[Round "1"]
[White "moro182"]
[Black "GCamachoMartinez"]
[Result "1-0"]
[WhiteElo "2761"]
[BlackElo "2376"]
[TimeControl "180+2"]
[EndTime "13:08:21 PST"]
[Termination "moro182 won by resignation"]

1. d4 d5 2. c4 dxc4 3. e3 Nf6 4. Bxc4 e6 5. Nf3 c5 6. Qe2 a6 7. dxc5 Bxc5 8. O-O Nc6 9. e4 Ng4 10. Nc3 O-O 11.
Bg5 Nd4 12. Nxd4 Qxg5 13. Nf3 Qf4 14. e5 b5 15. Bd3 Bb7 16. Be4 Bxe4 17. Qxe4 Qxe4 18.
Nxe4 Be7 19. Rac1 Rac8 20. h3 Nh6 21. Nd4 Rfe8 22. Nd6 Bxd6 23. exd6 Rcd8 24. Rc6 e5 25. Nb3 Nf5 26. Rd1 Re6 27. Rxa6 Nd4 28. Nxd4 exd4 29.
Rxd4 Re2 30. b4 Kf8 31. a3 Re1+ 32. Kh2 Re5 33. f4 Re6 34. Rb6 g6 35. Rd5 Re3 36. Ra6 Re4 37. f5 gxf5 38. Rxf5 Re6 39. Rxb5 Rexd6 40. Rxd6 Rxd6 41. a4 Rd3 42. a5 Ra3 43.
Rb6 Ra4 44. a6 h5 45. b5 h4 46. Rb7 1-0

[Event "*** Titled Tuesday Blitz"]
[Site "Chess.com"]
[Date "2019.02.05"]
[Round "1"]
[White "Peng_Li-Min"]
[Black "NemtsevIgor"]
[Result "1-0"]
[WhiteElo "2678"]
[BlackElo "2310"]
[TimeControl "180+2"]
[EndTime "13:08:21 PST"]
[Termination "Peng_Li-Min won by resignation"]

1. e4 c6 2. d4 d5 3. Nc3 h6 4. exd5 cxd5 5. Bd3 Nc6 6. Nce2 Nf6 7. c3 g6 8. Nf3 Bf5 9. O-O Bxd3 10. Qxd3 Bg7 11. Ne5 O-O 12. f4 Ne4 13. Ng3 Nxg3 14. hxg3 e6 15. g4 Nxe5 16. dxe5 Rc8 17. Be3 a6 18. Bd4 Qh4 19. Qf3 b5 20. Rae1 Rc4 21.
g3 Qd8 22. f5 exf5 23. gxf5 Qg5 24. Kg2 Qxf5 25. Qxf5 gxf5 26. Rxf5 Re8 27. Ref1 Rc7 28. a3 Re6 29. Kf3 Rce7 30. Re1 Rg6 31. g4 Rge6 32. Re3 Rb7 33. Re2 a5 34. Bc5 Rc7 35. Bd6 Rb7 36. Rd2 b4 37. axb4 axb4 38. Bxb4 Rb5 39. Kf4 Rc6 40. Rd4 Rc4 41. Rxc4 dxc4 42. e6 Rb6 43.
exf7+ Kh7 44. f8=Q Bxf8 45. Rxf8 1-0

[Event "*** Titled Tuesday Blitz"]
[Site "Chess.com"]
[Date "2019.02.05"]
[Round "1"]
[White "andy_rekt"]
[Black "Samuray111"]
[Result "0-1"]
[WhiteElo "2194"]
[BlackElo "2562"]
[TimeControl "180+2"]
[EndTime "13:08:22 PST"]
[Termination "Samuray111 won by resignation"]

1. d4 Nf6 2. c4 e6 3. Nc3 Bb4 4. Qc2 O-O 5. Nf3 b6 6. e4 Bb7 7. d5 Bxc3+ 8. bxc3 d6 9. Bd3 e5 10. O-O Nbd7 11. g3 Nc5 12. Nh4 Re8 13. Re1 Bc8 14. Bf1 h6 15. Bg2 Ba6 16. Bf1 Qd7 17. Nf5 Qa4 18. Qe2 Ncxe4 19. Bxh6 gxh6 20. Qe3 Qd7 21. Bh3 Bc8 22. Nxh6+ Kf8 23. Bxd7 Bxd7 24. f3 Nc5 25. Qg5 Ke7 26. Nf5+ Bxf5 27. Qxf5 Ncd7 28. f4 e4 29.
g4 Rg8 30. g5 Raf8 31. Kf2 Nh5 32. Rxe4+ Kd8 33. Rae1 Ng7 34. Qg4 f5 35. gxf6 Nxf6 36. Qg5 Nh5 37. Qh4 Rg4 38. Qh3 Nxf4 39. Qf3 Nxe4+ 40. Rxe4 Nd3+ 41. Ke2 Rxf3 0-1

[Event "*** Titled Tuesday Blitz"]
[Site "Chess.com"]
[Date "2019.02.05"]
[Round "1"]
[White "Lagmantr"]
[Black "manuellarrea"]
[Result "1-0"]
[WhiteElo "2499"]
[BlackElo "2047"]
[TimeControl "180+2"]
[EndTime "13:08:25 PST"]
[Termination "Lagmantr won by resignation"]

1. e4 c5 2. Nf3 Nc6 3. d4 cxd4 4.
Nxd4 Nf6 5. Nc3 d6 6. Be3 e5 7. Nb3 Be7 8. f3 O-O 9. Qd2 Be6 10. O-O-O a5 11. a4 Nb4 12. g4 d5 13. g5 d4 14.
gxf6 Bxf6 15. Nxd4 exd4 16. Bxd4 Bxd4 17. Qxd4 Qg5+ 18.
Qd2 Qf6 19. Rg1 Rfd8 20. e5 Qe7 21. Qg5 Rxd1+ 22. Nxd1 Qxg5+ 23. Rxg5 h6 24. Rg1 Rc8 25. c3 Nc6 26. f4 Bb3 27. Bb5 Nd4 28. Re1 Ne6 29. f5 Nc5 30. e6 fxe6 31. fxe6 Bxe6 32. Rxe6 Nxe6 33. Bd7 Rc6 34. Bxc6 bxc6 35. b4 axb4 36. cxb4 Kf7 37. Kd2 Ke7 38. a5 Kd6 39. Kc3 Nc7 40. Kc4 g5 41. Ne3 h5 42. Nf5+ Ke5 43. Nd4 Kd6 44.
Nf3 g4 45. Nd4 Nb5 46. Nxb5+ cxb5+ 47. Kd4 h4 48. Ke3 g3 49. hxg3 hxg3 50. Kf3 1-0

[Event "*** Titled Tuesday Blitz"]
[Site "Chess.com"]
[Date "2019.02.05"]
[Round "1"]
[White "AlexTruskavetsky"]
[Black "Tiqr777"]
[Result "0-1"]
[WhiteElo "2233"]
[BlackElo "2603"]
[TimeControl "180+2"]
[EndTime "13:08:27 PST"]
[Termination "Tiqr777 won by resignation"]

1. d4 Nf6 2. c4 c5 3. d5 e6 4. Nc3 exd5 5. cxd5 d6 6. Nf3 g6 7. g3 Bg7 8. Bg2 O-O 9. O-O Re8 10. Bf4 a6 11. a4 Qc7 12. Re1 Ne4 13. Nxe4 Rxe4 14.
Nd2 Rb4 15. Rb1 Nd7 16. Qc2 b5 17. axb5 axb5 18. b3 Nf6 19. e4 Nh5 20. Be3 Bd4 21.
Bxd4 Rxd4 22. Nf3 Rb4 23. Ra1 Rxa1 24. Rxa1 Bb7 25. Ne1 Qb6 26. e5 c4 27. bxc4 bxc4 28. e6 Rb2 29. e7 Nf6 30. Qxc4 Qxf2+ 31. Kh1 Re2 32. Qc3 Bxd5 33. Ra8+ Bxa8 34. Qc8+ Ne8 35. Qxe8+ Kg7 36. Qf8+ Kf6 37. Qh8+ Kxe7 0-1

[Event "*** Titled Tuesday Blitz"]
[Site "Chess.com"]
[Date "2019.02.05"]
[Round "1"]
[White "pedromartinez91"]
[Black "Thefirstchess"]
[Result "1-0"]
[WhiteElo "2506"]
[BlackElo "2071"]
[TimeControl "180+2"]
[EndTime "13:08:27 PST"]
[Termination "pedromartinez91 won by checkmate"]

1. e4 c5 2. Nf3 Nc6 3. d4 cxd4 4. Nxd4 Nf6 5. Nc3 e5 6. Ndb5 d6 7. Bg5 a6 8. Na3 b5 9. Nd5 Be7 10. Nxe7 Qxe7 11. c4 b4 12. Nc2 a5 13. f3 h6 14.
Bh4 Be6 15. Be2 g5 16. Bf2 Nd7 17. O-O O-O 18. Ne3 Nc5 19. Nd5 Bxd5 20. Qxd5 Rac8 21. Rfd1 Rfd8 22. h3 Kg7 23. Bf1 Kg6 24. Rac1 Nb8 25. g3 Nba6 26. Qd2 Qe6 27. Kg2 Rd7 28. Qe3 Rf8 29.
g4 Rfd8 30. h4 f6 31. Be2 Rh8 32. Rh1 Rdh7 33. Rh2 Qe7 34. Rch1 Ne6 35. Bg3 Nac5 36.
Bf1 Nd4 37. Qd2 Nce6 38. Bd3 Qg7 39. Kf2 Qd7 40. Be2 Qa7 41. Kg2 Kg7 42. Bd1 Kf8 43. hxg5 hxg5 44. Ba4 Rxh2+ 45. Rxh2 Rxh2+ 46. Bxh2 Qh7 47. Bg3 Qc7 48. b3 Nc5 49. Bb5 Qb7 50. Bf2 Nxb5 51. cxb5 Qxb5 52. Qxd6+ Kg7 53. Qxc5 Qa6 54. Qa7+ Qxa7 55.
Bxa7 Kg6 56. Bb6 Kf7 57. Bxa5 Ke6 58. Bxb4 Kd7 59. a4 Kc6 60. Be7 Kd7 61. Bxf6 Ke6 62. Bxg5 Kd6 63. Be3 Ke6 64. a5 Kd6 65. a6 Kc7 66. a7 Kb7 67. g5 Kc6 68. g6 Kd7 69. g7 Ke7 70. a8=Q Kd7 71. Qf8 Kc6 72. g8=Q Kb5 73. Qc4+ Ka5 74. Qa8# 1-0

[Event "*** Titled Tuesday Blitz"]
[Site "Chess.com"]
[Date "2019.02.05"]
[Round "1"]
[White "playerorkinyo"]
[Black "gmcorrales"]
[Result "0-1"]
[WhiteElo "2334"]
[BlackElo "2725"]
[TimeControl "180+2"]
[EndTime "13:08:31 PST"]
[Termination "gmcorrales won on time"]

1. d4 Nf6 2. c4 g6 3. Nc3 d5 4.
Nf3 Bg7 5. cxd5 Nxd5 6. e4 Nxc3 7.
bxc3 O-O 8. Be3 c5 9. Be2 Bg4 10. e5 cxd4 11. cxd4 Nc6 12. O-O Rc8 13. Qd2 Qd7 14.
h3 Be6 15. Rfd1 Rfd8 16. Ng5 Bd5 17. h4 h6 18. Nh3 h5 19. Nf4 e6 20. Bd3 Ne7 21.
Qe2 Bc6 22. g4 hxg4 23. Qxg4 Nd5 24. h5 Nxf4 25. Bxf4 Qd5 26. Kh2 gxh5 27. Qg3 Qf3 28.
Rg1 Qxg3+ 29. Rxg3 Kh8 30. Rag1 Rxd4 31. Rxg7 Rxd3 32.
R7g5 Bf3 33. Be3 Bg4 34. Kg3 Rc4 35. Rb1 b6 36. a4 Kh7 37. a5 Rd1 0-1

[Event "*** Titled Tuesday Blitz"]
[Site "Chess.com"]
[Date "2019.02.05"]
[Round "1"]
[White "Sosat98"]
[Black "lolo9292"]
[Result "1-0"]
[WhiteElo "2580"]
[BlackElo "2221"]
[TimeControl "180+2"]
[EndTime "13:08:33 PST"]
[Termination "Sosat98 won on time"]

1. e4 e5 2. d4 exd4 3. Nf3 d6 4. Nxd4 Nf6 5. Nc3 Be7 6. h3 O-O 7. g4 d5 8. e5 Nfd7 9. Nf3 c6 10. Bg2 f6 11.
exf6 Nxf6 12. O-O Bd6 13. Nd4 Bc7 14. g5 Qd6 15. f4 Ne8 16. Be3 Nd7 17. Nxd5 cxd5 18.
Nb5 Qe7 19. Qxd5+ Kh8 20. Rae1 Nb6 21. Bc5 Nxd5 22. Bxe7 Nxe7 23. Rxe7 Bb6+ 24. Kh1 a6 25. Rfe1 Bxh3 26. Bxh3 axb5 27. Rxb7 Ba5 28. Ree7 Rxf4 29.
Rxb5 Nd6 30. Rd5 Ne4 31. Rxa5 Raf8 32. Ra3 Rh4 33. Kg1 Nxg5 34. Bg2 h5 35. Rg3 Rf5 36. c3 Kh7 37. b4 Kh6 38. a4 g6 39. a5 Rc4 40. a6 h4 41. a7 Rf8 42. Rge3 Rcc8 43.
c4 Rfe8 44. Rxe8 1-0

[Event "*** Titled Tuesday Blitz"]
[Site "Chess.com"]
[Date "2019.02.05"]
[Round "1"]
[White "Saitama_Hero"]
[Black "SuperCheese"]
[Result "0-1"]
[WhiteElo "2217"]
[BlackElo "2574"]
[TimeControl "180+2"]
[EndTime "13:08:35 PST"]
[Termination "SuperCheese won on time"]

1. d4 Nf6 2. Bg5 e6 3. c3 h6 4. Bxf6 Qxf6 5. Nf3 d5 6. Nbd2 Qd8 7. e4 c5 8. exd5 Qxd5 9. Bb5+ Bd7 10. c4 Qh5 11. Qa4 cxd4 12. Bxd7+ Nxd7 13. O-O Be7 14. Rfe1 Rd8 15. Ne5 a6 16. Ndf3 Bf6 17. Rad1 b5 18. Qxa6 O-O 19. Nxd7 Rxd7 20. Qxb5 Qxb5 21. cxb5 Ra8 22.
a3 Ra5 23. Ne5 Rd5 24. Nd3 Raxb5 25. f3 Rb3 26. Re2 Rd8 27. Rc2 Kh7 28. Kf1 Kg8 29.
Ke2 g6 30. Rdc1 Rb7 31. b4 Ra8 32. Ra2 Rb5 33. a4 Rb7 34. a5 Be7 35. Rb1 Rb5 36. Ra4 e5 37. Nc1 f5 38. Kd3 Kf7 39. Kc4 Rb7 40. Nd3 Rc8+ 0-1

[Event "*** Titled Tuesday Blitz"]
[Site "Chess.com"]
[Date "2019.02.05"]
[Round "1"]
[White "VeraNebolsina"]
[Black "GM_shahin"]
[Result "1-0"]
[WhiteElo "2371"]
[BlackElo "2731"]
[TimeControl "180+2"]
[EndTime "13:08:37 PST"]
[Termination "VeraNebolsina won by checkmate"]

1. e4 e5 2. Nf3 Nf6 3. Nc3 Nc6 4.
d4 exd4 5. Nxd4 Bb4 6. Nxc6 bxc6 7. Bd3 O-O 8. O-O d5 9. exd5 cxd5 10. h3 c6 11. Qf3 Rb8 12. Bf4 Bd6 13. b3 Rb4 14. Ne2 Bxf4 15. Nxf4 Qd6 16. c4 Be6 17.
Rad1 Nd7 18. Bb1 Ne5 19. Qh5 g6 20. Qh6 d4 21. Nh5 Nf3+ 22. gxf3 Qe5 23. Ng3 c5 24. Rfe1 Qg7 25. Qxg7+ Kxg7 26. Re5 a5 27. Rxc5 a4 28. Bc2 axb3 29. axb3 Ra8 30. Rxd4 Ra1+ 31. Rd1 Ra2 32. Rc1 Bxh3 33. Rb5 Rxb5 34. cxb5 Ra5 35. Bd3 Ra3 36. Bc4 Ra7 37. Ne4 Rc7 38. Nd6 Rd7 39. Nxf7 Kf6 40. f4 Rd4 41. b6 Bc8 42. Ne5 Rxf4 43. Nd3 Rg4+ 44. Kf1 Rg5 45. b4 h5 46. Nc5 h4 47.
Ne4+ Kf5 48. Nxg5 Kxg5 49. Bd5 Ba6+ 50. Kg2 Kg4 51. b7 h3+ 52. Kh2 Bxb7 53. Bxb7 g5 54.
Rg1+ Kh4 55. Bc8 Kh5 56. Bxh3 Kh4 57. Bc8 Kh5 58. b5 Kh4 59. b6 g4 60. Rxg4+ Kh5 61. b7 Kh6 62. b8=Q Kh7 63. Qc7+ Kh6 64. Qg7+ Kh5 65.
Qh8# 1-0

[Event "*** Titled Tuesday Blitz"]
[Site "Chess.com"]
[Date "2019.02.05"]
[Round "1"]
[White "nochewycandy"]
[Black "cherryandmint"]
[Result "1-0"]
[WhiteElo "2295"]
[BlackElo "2618"]
[TimeControl "180+2"]
[EndTime "13:08:37 PST"]
[Termination "nochewycandy won by resignation"]

1. e4 e5 2. Nc3 Nc6 3. Bc4 Nf6 4. d3 Na5 5. Nge2 Bc5 6. a3 Nxc4 7. dxc4 a5 8. O-O d6 9. Qd3 Be6 10. b3 O-O 11. Be3 Nd7 12. f4 exf4 13. Nxf4 Ne5 14. Qd2 Bxe3+ 15. Qxe3 Qd7 16. Nfd5 f6 17. Qg3 Kh8 18. Rf4 Rae8 19. Raf1 c6 20. Ne3 Qc7 21. a4 Qb6 22. Kh1 Qb4 23. Nf5 Bxf5 24. Rxf5 Nf7 25. Rh5 Re5 26. Rh4 Ng5 27. Ne2 Rfe8 28. Nf4 Rxe4 29. Nh5 Rxh4 30. Qxh4 Qd2 31. Qg4 Qe2 32.
Qf5 Ne6 33. Nxf6 gxf6 34. Qxf6+ Kg8 35. Qf7+ Kh8 36. Qxe8+ Kg7 37. Qf7+ Kh8 38. Qf6+ Kg8 39. Qf7+ Kh8 40. Qf6+ Kg8 41. h3 d5 42. Rf3 Qe1+ 43.
Kh2 1-0

[Event "*** Titled Tuesday Blitz"]
[Site "Chess.com"]
[Date "2019.02.05"]
[Round "1"]
[White "Kurai"]
[Black "ecwinslow"]
[Result "1-0"]
[WhiteElo "2490"]
[BlackElo "2009"]
[TimeControl "180+2"]
[EndTime "13:08:37 PST"]
[Termination "Kurai won by resignation"]

1. e4 d6 2. d4 Nf6 3. Nc3 g6 4. Nf3 Bg7 5. Be2 O-O 6. O-O c6 7. a4 a5 8. Re1 Na6 9. h3 Qc7 10. Bf1 e5 11. Be3 Rd8 12. Qd2 Nb4 13. Bh6 Bh8 14.
Rad1 Re8 15. d5 cxd5 16. exd5 Bf5 17. Nb5 Qd8 18. c3 Na6 19. Qc1 Nc5 20. Qa1 Bc2 21. Nd2 Bxd1 22. Rxd1 e4 23. Nc4 Ra6 24. Bf4 e3 25.
Bxe3 Nfe4 26. Qa3 f5 27. Ncxd6 Rxd6 28. Bxc5 Nxc5 29. Qxc5 Rd7 30. d6 Re5 31. Bc4+ Kf8 32. Qa7 Rxb5 33. Bxb5 Rxd6 34. Qc5 Ke7 35. Re1+ Kf7 36.
Re8 Qf6 37. Qc4+ Kg7 38. Qg8+ Kh6 39. Qxh8 Rd1+ 40. Kh2 Qd6+ 41. Qe5 Qb6 42. Qe3+ Kg7 43.
Qxb6 1-0

[Event "*** Titled Tuesday Blitz"]
[Site "Chess.com"]
[Date "2019.02.05"]
[Round "1"]
[White "MikeSailer"]
[Black "TST2014"]
[Result "0-1"]
[WhiteElo "2118"]
[BlackElo "2521"]
[TimeControl "180+2"]
[EndTime "13:08:43 PST"]
[Termination "TST2014 won by resignation"]

1. b4 e5 2. Bb2 d6 3. e3 g6 4. Nf3 Bg7 5. Be2 Nc6 6. b5 Nce7 7. O-O f5 8. a4 Nf6 9. a5 O-O 10. c4 a6 11. Nc3 axb5 12. cxb5 Kh8 13. Qb3 Qe8 14.
b6 c6 15. a6 Ned5 16. Nxd5 Nxd5 17. axb7 Bxb7 18. Ra7 Rb8 19. Rfa1 Qd8 20. Ba3 Rf6 21. Rb1 Bf8 22. Bc4 Rf7 23. Bxd5 cxd5 24. h4 h6 25. Rc1 Rg7 26. Qc3 Qxb6 27. Ra4 Rc8 28. Qa1 Rgc7 29. Rb1 Qc6 30. Nxe5 dxe5 31. Bxf8 Rxf8 32. Qxe5+ Kg8 33. h5 d4 34. f3 dxe3 35. dxe3 Rg7 36. hxg6 Qxa4 37. Qe6+ Kh8 38. Qd6 Rfg8 39. Rb6 Bc8 40.
Qe5 Qe8 41. Re6 Qxe6 42. Qxe6 Bxe6 0-1

[Event "*** Titled Tuesday Blitz"]
[Site "Chess.com"]
[Date "2019.02.05"]
[Round "1"]
[White "SerkanSoysal"]
[Black "Walter_White_Poland"]
[Result "1-0"]
[WhiteElo "2563"]
[BlackElo "2193"]
[TimeControl "180+2"]
[EndTime "13:08:45 PST"]
[Termination "SerkanSoysal won by checkmate"]

1. Nf3 c5 2. g3 Nc6 3. Bg2 g6 4. O-O Bg7 5. c3 e5 6. e4 Nge7 7. a3 d6 8. b4 O-O 9. d3 a5 10. bxc5 dxc5 11. a4 b6 12. Qc2 Ba6 13. Rd1 Qc7 14. Na3 Na7 15. Nd2 Rfd8 16. Ndc4 Rab8 17. Rb1 Bc8 18. f4 Bg4 19. Re1 Nec6 20. Nb5 Qe7 21.
Be3 Nxb5 22. axb5 Na7 23. Nxe5 Bxe5 24. fxe5 Nc8 25. d4 cxd4 26. cxd4 Qe8 27. Qb2 Ne7 28. d5 Nc8 29. Bh6 Qe7 30. Rbc1 Na7 31. e6 f6 32.
e5 f5 33. Qb3 Qb4 34. Qxb4 axb4 35. e7 Rd7 36. d6 f4 37. Bd5+ Kh8 38. gxf4 Nxb5 39.
Bg5 Re8 40. Bf6# 1-0

[Event "*** Titled Tuesday Blitz"]
[Site "Chess.com"]
[Date "2019.02.05"]
[Round "1"]
[White "ZeroRealtorFade"]
[Black "Witik"]
[Result "0-1"]
[WhiteElo "2253"]
[BlackElo "2615"]
[TimeControl "180+2"]
[EndTime "13:08:47 PST"]
[Termination "Witik won by resignation"]

1. d4 d5 2. Bf4 Nf6 3. e3 c5 4. c3 Nc6 5. Nd2 Qb6 6. Qb3 c4 7. Qxb6 axb6 8. e4 b5 9. exd5 Nxd5 10. Be3 e5 11. Ngf3 exd4 12. Bxd4 Bf5 13. Be2 Nf4 14. g3 Nxe2 15. Kxe2 f6 16. Rhe1 Bd3+ 17. Kd1+ Kf7 18. Re3 g6 19. Ne1 Bh6 20. Rf3 Nxd4 21. cxd4 Bf5 22.
Ra3 Rxa3 23. bxa3 Ra8 24. Nc2 Bxc2+ 25. Kxc2 Bxd2 26. Kxd2 Rxa3 27. Kc2 Ke6 28. Re1+ Kd5 29. Kb2 Rf3 30. Re7 b4 31. Rd7+ Ke4 32. Rc7 Rxf2+ 33. Kb1 b5 34. d5 Kxd5 35. Rd7+ Kc5 36. h4 h5 37. Rg7 c3 38. Rxg6 b3 39. axb3 Kb4 40.
Kc1 Kxb3 41. Kd1 c2+ 42. Kc1 Rf1+ 0-1

[Event "*** Titled Tuesday Blitz"]
[Site "Chess.com"]
[Date "2019.02.05"]
[Round "1"]
[White "Genghis_K"]
[Black "mouseWLZ"]
[Result "1/2-1/2"]
[WhiteElo "2797"]
[BlackElo "2409"]
[TimeControl "180+2"]
[EndTime "13:08:50 PST"]
[Termination "Game drawn - insufficient material"]

1. e4 e6 2. d4 d5 3. Nd2 c5 4. Ngf3 cxd4 5. Nxd4 Nc6 6. Bb5 Bd7 7. Nxc6 Bxc6 8.
Bxc6+ bxc6 9. c4 Nf6 10. Qa4 Qd7 11. e5 Ng8 12. O-O Ne7 13. Nf3 Ng6 14. h4 c5 15.
Qxd7+ Kxd7 16. cxd5 exd5 17. Rd1 Kc6 18. Be3 Re8 19. Rac1 Nxe5 20. b4 Nxf3+ 21. gxf3 Bd6 22. Bxc5 Rc8 23. b5+ Kd7 24. Rxd5 Rxc5 25. Rcxc5 Ke6 26. Rxd6+ Kxd6 27. Rc6+ Ke5 28. Ra6 Rb8 29. Rxa7 Rxb5 30.
Rxf7 Ra5 31. Rxg7 Kf4 32. Kg2 h5 33. Rg5 Rxa2 34. Rxh5 Rxf2+ 35. Kg1 Rxf3 36. Rh8 Ra3 37. Rg8 Rh3 38. Rh8 Kg4 39. Kg2 Rxh4 40. Rxh4+ Kxh4 1/2-1/2

[Event "*** Titled Tuesday Blitz"]
[Site "Chess.com"]
[Date "2019.02.05"]
[Round "1"]
[White "sandager"]
[Black "M1711"]
[Result "0-1"]
[WhiteElo "2130"]
[BlackElo "2528"]
[TimeControl "180+2"]
[EndTime "13:08:51 PST"]
[Termination "M1711 won by resignation"]

1. e4 e5 2. Nf3 Nc6 3. Bb5 a6 4. Ba4 Nf6 5. O-O Be7 6. Re1 b5 7.
Bb3 d6 8. c3 O-O 9. h3 Na5 10.
Bc2 d5 11. exd5 e4 12. Ne5 Qxd5 13. d4 exd3 14. Nxd3 Bd6 15. Nd2 Bb7 16. Nf3 c5 17. Bf4 Rad8 18. Bxd6 Qxd6 19. Nde5 Qc7 20. Qe2 Bd5 21. a4 Nc4 22. axb5 axb5 23. b3 Nxe5 24. Nxe5 Rfe8 25. f4 Qb7 26. Qf2 Rc8 27. Re2 Ne4 28.
Qh4 f5 29. c4 bxc4 30. bxc4 Qb2 31. Rae1 Qd4+ 32. Kh2 Bxc4 33. Rxe4 fxe4 34. Bxe4 h6 35. Qh5 Rxe5 36. fxe5 Qf2 37. Rd1 Qf4+ 38. Kh1 Qxe4 39.
Rd2 Qe1+ 40. Kh2 Qxd2 41. Qg4 Re8 42. Qg3 Qd4 43. Qf3 Qxe5+ 0-1

[Event "*** Titled Tuesday Blitz"]
[Site "Chess.com"]
[Date "2019.02.05"]
[Round "1"]
[White "Incognito_Knight"]
[Black "Caterpiller35"]
[Result "1-0"]
[WhiteElo "2605"]
[BlackElo "2236"]
[TimeControl "180+2"]
[EndTime "13:08:54 PST"]
[Termination "Incognito_Knight won by checkmate"]

1. e4 c5 2. Nf3 Nc6 3. d4 cxd4 4.
Nxd4 e5 5. Nb5 d6 6. N1c3 a6 7. Na3 b5 8. Nd5 Nge7 9. Bd3 Nxd5 10. exd5 Ne7 11. O-O g6 12. c4 bxc4 13. Nxc4 Bg7 14. Qa4+ Kf8 15. Be3 Nxd5 16. Bd2 Bd7 17. Qa3 Bb5 18.
Nxd6 Bxd3 19. Ba5 Qe7 20. Rfd1 e4 21. Qc5 Nf4 22. Bb4 Kg8 23. Ba3 Rd8 24. Qe3 Qg5 25. g3 Nh3+ 26. Kg2 Qxe3 27. fxe3 Ng5 28. h4 Ne6 29. Kf2 Be5 30. Nb7 Rb8 31. Na5 Kg7 32. Nc6 Bxb2 33. Nxb8 Bxa1 34. Nd7 Bc3 35. Rc1 Bd2 36.
Bb2+ Kh6 37. Rd1 Rd8 38. Ne5 Bb4 39. Nxf7+ Kh5 40. Rg1 Rf8 41. g4+ Kxh4 42. Bf6+ g5 43. Rh1+ Kxg4 44. Nh6# 1-0

[Event "*** Titled Tuesday Blitz"]
[Site "Chess.com"]
[Date "2019.02.05"]
[Round "1"]
[White "RaphaeI"]
[Black "jorquerino"]
[Result "1-0"]
[WhiteElo "2591"]
[BlackElo "2226"]
[TimeControl "180+2"]
[EndTime "13:08:55 PST"]
[Termination "RaphaeI won on time"]

1. Nf3 Nf6 2. c4 d6 3. d4 Nbd7 4. Nc3 e5 5. e4 Be7 6. Be2 O-O 7. O-O c6 8. Be3 Re8 9. h3 Bf8 10. d5 cxd5 11. cxd5 g6 12. Nd2 a5 13. Rc1 Nc5 14.
Bb5 Bd7 15. Bxc5 dxc5 16. Re1 Bh6 17. Rc2 Nh5 18. Nc4 Bxb5 19. Nxb5 Nf4 20. Rc3 Bf8 21.
a4 Ra6 22. Kh2 Nh5 23. g3 Rf6 24. Rf3 Rxf3 25. Qxf3 Ng7 26. Qc3 f6 27. Qxa5 Qd7 28.
Qc7 Qxc7 29. Nxc7 Rc8 30. Nb5 Ne8 31. b3 Rd8 32. a5 Kf7 33. Ra1 Ra8 34. f4 exf4 35.
gxf4 Ke7 36. e5 fxe5 37. fxe5 Bg7 38. Rf1 Rd8 39. d6+ Ke6 40. Kg2 Rd7 41. Nb6 Rd8 42.
Nc7+ 1-0

[Event "*** Titled Tuesday Blitz"]
[Site "Chess.com"]
[Date "2019.02.05"]
[Round "1"]
[White "Fins0905"]
[Black "BvsN"]
[Result "1-0"]
[WhiteElo "2637"]
[BlackElo "2283"]
[TimeControl "180+2"]
[EndTime "13:08:58 PST"]
[Termination "Fins0905 won by resignation"]

1. d4 d5 2. c4 c6 3. Nf3 Nf6 4.
Nc3 e6 5. cxd5 exd5 6. Qc2 Na6 7. a3 g6 8. Bg5 Be7 9. e3 Nc7 10. Bd3 Ne6 11. Bh4 Ng7 12. O-O Bf5 13. b4 Bxd3 14. Qxd3 Nf5 15. Bxf6 Bxf6 16. b5 O-O 17. bxc6 bxc6 18.
Na4 Be7 19. Rfc1 Rc8 20. Qa6 Nd6 21. Ne5 Bg5 22. Nxc6 Qf6 23. Ne5 Rxc1+ 24. Rxc1 Qe7 25. Qa5 Qe6 26. Rc6 Qf5 27. Qe1 Ne4 28. f3 Nf6 29. g4 Nxg4 30. fxg4 Qe4 31. Kf2 Rb8 32. Nf3 Be7 33. Qc3 Rb1 34. Qc2 Qxc2+ 35. Rxc2 Ra1 36. Nc3 Rxa3 37. Nxd5 Bd6 38. e4 a5 39. e5 Bb4 40.
Rc8+ Kg7 41. Nf6 Ra2+ 42. Kg3 Bf8 43. Rc7 a4 44. Ng5 Ra3+ 45. Kf4 1-0

[Event "*** Titled Tuesday Blitz"]
[Site "Chess.com"]
[Date "2019.02.05"]
[Round "1"]
[White "Chess2019Player"]
[Black "IakovUlivar"]
[Result "0-1"]
[WhiteElo "2033"]
[BlackElo "2497"]
[TimeControl "180+2"]
[EndTime "13:08:58 PST"]
[Termination "IakovUlivar won on time"]

1. e4 g6 2. d4 Bg7 3. Nc3 c6 4. Be3 d5 5. e5 Nh6 6. Qd2 Nf5 7.
Bf4 h5 8. Nf3 Be6 9. h3 Nd7 10.
Ng5 Nf8 11. Rg1 Qd7 12. O-O-O b5 13. Kb1 a5 14. Be2 f6 15. Nxe6 Nxe6 16. g4 Nfxd4 17. gxh5 Nxe2 18. Nxe2 gxh5 19. exf6 Bxf6 20. Ng3 Nxf4 21.
Qxf4 O-O-O 22. Nf5 e5 23. Qf3 e4 24. Qf4 Rhf8 25. Ne3 Bxb2 26. Qh6 Bc3 27. Rg6 Kb7 28.
Rdg1 Qe7 29. Rg7 Bxg7 30. Rxg7 Rf7 31. Nf5 Qb4+ 32. Kc1 Qe1+ 33. Kb2 Qb4+ 34. Kc1 Rxg7 35. Qxg7+ Kb6 36. Qf6 Qe1+ 37. Kb2 Qb4+ 38. Kc1 Rf8 39. Qe5 Qe1+ 40. Kb2 Qb4+ 41. Kc1 Qe1+ 42. Kb2 Qxf2 43. Nd4 Qf6 0-1